 Dungeon Crawl Stone Soup version 0.20-a0-739-g6bb112f (webtiles) character file.

75 polly the Slasher (level 4, 0/34 HPs)
             Began as a Demonspawn Gladiator on Feb 25, 2017.
             Slain by an ogre
             ... wielding a +0 giant club
              (25 damage)
             ... on level 3 of the Dungeon.
             The game lasted 00:01:44 (1629 turns).

polly the Slasher (Demonspawn Gladiator)            Turns: 1629, Time: 00:01:45

Health: 0/34       AC:  5    Str: 16    XL:     4   Next: 11%
Magic:  4/4        EV: 13    Int:  9    God:
Gold:   136        SH:  0    Dex: 16    Spells: 3/3 levels left

rFire    . . .     SeeInvis .     - Unarmed
rCold    . . .     Gourm    .   b - +0 leather armour
rNeg     . . .     Faith    .   (no shield)
rPois    .         Spirit   .   c - +0 helmet
rElec    .         Reflect  .   (no cloak)
rCorr    .         Harm     .   (no gloves)
MR       .....                  k - +0 pair of boots
Stlth    ++........             (no amulet)
Regen    0.2/turn               (no ring)
MPRegen  0.1/turn               (no ring)

@: no status effects
A: claws 1, thin skeletal structure 1, demonic guardian 1
a: no special abilities


You were on level 3 of the Dungeon.
You were hungry.

You visited 1 branch of the dungeon, and saw 3 of its levels.

You collected 136 gold pieces.

Inventory:

Missiles
 d - 4 throwing nets (quivered)
Armour
 b - a +0 leather armour (worn)
 c - a +0 helmet (worn)
 k - a +0 pair of boots (worn)
Scrolls
 e - 2 scrolls of identify {unknown}
 h - a scroll of blinking {unknown}
 i - a scroll of fog {unknown}
 j - a scroll of recharging {unknown}
Potions
 a - a potion of lignification {unknown}
 l - a potion of resistance {unknown}
 m - a potion of haste {unknown}
 n - a potion of heal wounds {unknown}
Comestibles
 f - 3 bread rations
 g - 3 meat rations


   Skills:
 + Level 2.5 Fighting
   Level 3.2 Long Blades
 + Level 1.9 Throwing
 + Level 1.0 Armour
 + Level 3.1 Dodging
 * Level 1.4 Unarmed Combat


You had 3 spell levels left.
You didn't know any spells.

Dungeon Overview and Level Annotations

Branches:
Dungeon (3/15)

Altars:


Innate Abilities, Weirdness & Mutations

You have sharp fingernails.
You have a somewhat thin skeletal structure. (Dex +2, Stealth)
A weak demonic guardian rushes to your aid.


Message History

The frilled lizard bites your shadow imp but does no damage.
The goblin misses your shadow imp.
Something bites your shadow imp but does no damage.
Your shadow imp hits the ogre.
The ogre misses you.
A dart slug comes into view.
There is a stone staircase leading up here.
The frilled lizard misses you.
You climb upwards.
There is a stone staircase leading down here.
You scratch the frilled lizard.
You kill the frilled lizard!
You see here a frilled lizard corpse.
There is a stone staircase leading down here.
You start resting.
You are feeling hungry.
You climb downwards.
The goblin hits you with a dagger. x2
There is a stone staircase leading up here.
The goblin hits you but does no damage. The ogre hits you with a giant club!!
Ouch! That really hurt!
You die...

#### ## .#
.......#.#
.......#.# .#
.....#.#.###.#
...........
#...#....
#.###...#.#.# #
#.......g.#.#.#
.###5.@#.#.#.#
#...O.....#
w.....##.#.#.#####
......# #.#........
..###......g#.####.
. #.###.#.#.# [
...... . .
....#.#.#.
#.#####.#.#.#


You could see an ogre, a goblin and a friendly iron imp.

Vanquished Creatures
  2 adders (D:2)
  5 dart slugs
  A ball python (D:2)
  6 bats
  2 giant cockroaches
  7 goblins
  6 hobgoblins
  6 jackals
  A kobold (D:1)
  2 frilled lizards (D:2)
  2 rats
40 creatures vanquished.

Notes
Turn   | Place    | Note
-------+----------+-------------------------------------------
     0 | D:1      | polly the Demonspawn Gladiator began the quest for the Orb.
     0 | D:1      | Reached XP level 1. HP: 16/16 MP: 1/1
    64 | D:1      | Gained mutation: A weak demonic guardian rushes to your aid. [demonic ancestry]
    64 | D:1      | Reached XP level 2. HP: 18/22 MP: 2/2
   557 | D:1      | Gained mutation: You have sharp fingernails. [demonic ancestry]
   557 | D:1      | Reached XP level 3. HP: 27/27 MP: 3/3
   822 | D:2      | Reached skill level 1 in Unarmed Combat
   986 | D:2      | Reached skill level 1 in Armour
  1107 | D:2      | Gained mutation: You have a somewhat thin skeletal structure. (Dex +2, Stealth) [demonic ancestry]
  1107 | D:2      | Reached XP level 4. HP: 24/34 MP: 4/4
  1495 | D:3      | Noticed an ogre
  1629 | D:3      | Slain by an ogre

Vault maps used:
D:1:      ncdulo_halloftheorcs
D:2:      first_bread
D:3:      feat_on_display

Skill      XL: |  1  2  3 |
---------------+----------+-----
Long Blades    | 3 |  3.2
Dodging        | 3 |  3.1
Unarmed Combat | 1 |  1.4
Armour         | 1 |  1.0
Fighting       | |  2.5
Throwing       | |  1.9

Action                   |  1- 3 |  4- 6 || total
-------------------------+-------+-------++-------
Melee: Long sword        |    59 |       ||    59
       Unarmed           |    74 |     8 ||    82
  Eat: Chunk             |       |     2 ||     2
Armor: Leather armour    |    43 |     4 ||    47
Dodge: Dodged            |    87 |     6 ||    93
       Rpst.: Long sword |    17 |       ||    17
